 Dungeon Crawl Stone Soup version 0.32-a0-975-g85d4e5bfdb (webtiles) character file.

Game seed: 12972086076505603265

386 zazu2006 the Protected (level 6, -3/47 HPs)
             Began as a Gnoll Wanderer on Apr 18, 2024.
             Killed from afar by an orc wizard (13 damage)
             ... with a puff of flame
             ... on level 4 of the Dungeon.
             The game lasted 00:05:46 (1395 turns).

zazu2006 the Protected (Gnoll Wanderer)             Turns: 1395, Time: 00:05:46

Health: -3/47      AC: 10    Str: 18    XL:     6   Next: 78%
Magic:  9/9        EV:  9    Int: 11    God:
Gold:   193        SH:  0    Dex: 13    Spells: 9/9 levels left

rFire   . . .        a - +0 mace
rCold   . . .        c - +0 buckler
rNeg    . . .        b - +2 scale mail
rPois   .            (no helmet)
rElec   .            (no cloak)
rCorr   .            (no gloves)
SInv    .            (no boots)
Will    .....        o - amulet of magic regeneration Stlth
                     u - +6 ring of strength
HPRegen 0.27/turn    (no ring)
MPRegen 0.51/turn

%: no passive effects
@: confused, hasted (expiring), very quick
A: fangs 1, strong nose, distributed training
a: no special abilities


You were on level 4 of the Dungeon.
You visited 1 branch of the dungeon, and saw 4 of its levels.

You collected 193 gold pieces.

Inventory:

Hand Weapons
 a - a +0 mace (weapon)
Missiles
 r - 5 curare-tipped darts (quivered)
 t - 4 darts of dispersal
Armour
 b - a +2 scale mail (worn)
 c - a +0 buckler (worn)
 l - a +0 pair of boots
 m - a +0 pair of gloves
Jewellery
 o - an amulet of magic regeneration (around neck)
 u - a +6 ring of strength (left hand)
Wands
 i - a wand of flame (29)
Scrolls
 d - a scroll of fog {unknown}
 e - 2 scrolls of noise {unknown}
 f - a scroll of poison {unknown}
 h - a scroll of enchant armour {unknown}
 k - 3 scrolls of identify {unknown}
Potions
 g - a potion of brilliance
 q - a potion of enlightenment {unknown}
 s - a potion of resistance {unknown}


   Skills:
 + Level 3.4 Fighting
 + Level 2.2 Short Blades
 + Level 2.2 Long Blades
 + Level 2.2 Axes
 + Level 6.9 Maces & Flails
 + Level 2.2 Polearms
 + Level 2.2 Staves
 + Level 2.2 Ranged Weapons
 + Level 2.2 Throwing
 + Level 10.6 Armour
 + Level 2.2 Dodging
 + Level 2.2 Stealth
 + Level 3.4 Shields
 + Level 2.2 Unarmed Combat
 + Level 2.2 Spellcasting
 + Level 1.7 Conjurations
 + Level 1.7 Hexes
 + Level 1.7 Summonings
 + Level 1.7 Necromancy
 + Level 1.7 Translocations
 + Level 1.7 Fire Magic
 + Level 1.7 Ice Magic
 + Level 1.7 Air Magic
 + Level 1.7 Earth Magic
 + Level 1.7 Alchemy
 + Level 2.4 Invocations
 + Level 2.2 Evocations
 + Level 2.0 Shapeshifting


You had 9 spell levels left.
You didn't know any spells.
Your spell library contained the following spells:

 Spells                   Type           Power      Damage    Failure   Level
 Summon Ice Beast         Ice/Summ       5%         N/A       80%         3
 Volatile Blastmotes      Fire/Tloc      10%        2d10      80%         3
 Vhi's Electric Charge    Tloc/Air       10%        N/A       99%         4
 Summon Mana Viper        Hex/Summ       5%         N/A       100%        5
 Gell's Gavotte           Tloc           2%         2d(12-18) 100%        6
 Monstrous Menagerie      Summ           2%         N/A       100%        7


Dungeon Overview and Level Annotations

Branches:
Dungeon (4/15)
 Temple: D:4-7

Altars:


Innate Abilities, Weirdness & Mutations

You have very sharp teeth.
Your uncanny sense of smell can sniff out nearby items.
Your experience applies equally to all skills.


Message History

An orc comes into view. It is wielding a +0 dagger.
The orc wizard gestures wildly while chanting.
The orc wizard flickers and vanishes!
Deactivating autopickup; reactivate with Ctrl-A.
An orc comes into view. It is wielding a +0 dagger.
The orc misses you.
Unknown command.
Unknown command.
The orc shouts! x2
An orc comes into view. It is wielding a +0 trident.
You bump into the rock wall.
The orc shouts!
You hear a shout!
You hit something.
Your extra speed is starting to run out.
Something hits you.
* * * LOW HITPOINT WARNING * * *
An orc wizard comes into view. It is wielding a +0 dagger.
You bump into the rock wall.
Something hits you but does no damage.
Unknown command.
You bump into the rock wall.
Unknown command.
Unknown command.
You bump into the rock wall.
You hear some strange, mumbled words.
A puff of flame appears from out of thin air!
The puff of flame hits you but does no damage.
Unknown command.
You are too confused!
Unknown command.
You sock something! Your bite misses something.
You hear some strange, mumbled words.
A puff of flame appears from out of thin air!
The puff of flame hits you.
* * * LOW HITPOINT WARNING * * *
The orc closely misses you.
You bump into the rock wall.
You hear some strange, mumbled words.
A puff of flame appears from out of thin air!
The puff of flame hits you!
You die...

...........#.###.{...#.###.#.
#.........#.#..#...#†..#...#
##.............#####†..#...#
##..........##..#.).#...#...#
#............###.....#)###.#.
#.....>.##..##.##...###...###
#....#......##...####........
###. #...)o###.### ##.......
# ##...o{@..# .#.......
###..##o.# ...........
##.....o# ..........#
#<....#... ##.##.#..<.
##....##.o. #.........
......##.o.#.......#.
##....## .>........###
###...# #......... ..##
...... #


You could see an orc wizard and 5 orcs.

Vanquished Creatures
  Sigmund (D:4)
  A scorpion (D:4)
  Natasha (thrice) (D:2)
  An orc wizard (D:4)
  2 adders
  A dart slug (D:2)
  A ribbon worm (D:2)
  2 ball pythons
  7 endoplasms
  4 giant cockroaches
  5 hobgoblins
  2 quokkas
  4 bats
  2 frilled lizards
  7 goblins
  6 kobolds
  3 rats
52 creatures vanquished.

Notes
Turn   | Place    | Note
-------+----------+-------------------------------------------
     0 | D:1      | Reached skill level 10 in Armour
     0 | D:1      | zazu2006 the Gnoll Wanderer began the quest for the Orb.
     0 | D:1      | zazu2006 set off with the following items: a +0 mace, a +2
                  | scale mail, a +0 buckler, a potion of heal wounds.
     0 | D:1      | Reached XP level 1. HP: 17/17 MP: 1/1
   139 | D:1      | Reached XP level 2. HP: 17/23 MP: 2/2
   445 | D:2      | Noticed Natasha
   461 | D:2      | Killed Natasha
   462 | D:2      | Reached skill level 1 in Invocations
   462 | D:2      | Reached XP level 3. HP: 20/28 MP: 2/4
   492 | D:2      | Reached skill level 1 in Short Blades
   492 | D:2      | Reached skill level 1 in Long Blades
   492 | D:2      | Reached skill level 1 in Axes
   492 | D:2      | Reached skill level 1 in Polearms
   492 | D:2      | Reached skill level 1 in Staves
   492 | D:2      | Reached skill level 1 in Ranged Weapons
   492 | D:2      | Reached skill level 1 in Throwing
   492 | D:2      | Reached skill level 1 in Dodging
   492 | D:2      | Reached skill level 1 in Stealth
   492 | D:2      | Reached skill level 1 in Unarmed Combat
   492 | D:2      | Reached skill level 1 in Spellcasting
   492 | D:2      | Reached skill level 1 in Evocations
   632 | D:2      | Noticed Natasha
   642 | D:2      | Killed Natasha
   643 | D:2      | Reached skill level 1 in Shapeshifting
   643 | D:2      | Reached XP level 4. HP: 33/34 MP: 5/5
   655 | D:2      | Noticed Natasha
   665 | D:2      | Killed Natasha
   666 | D:2      | Reached skill level 1 in Conjurations
   666 | D:2      | Reached skill level 1 in Hexes
   666 | D:2      | Reached skill level 1 in Summonings
   666 | D:2      | Reached skill level 1 in Necromancy
   666 | D:2      | Reached skill level 1 in Translocations
   666 | D:2      | Reached skill level 1 in Fire Magic
   666 | D:2      | Reached skill level 1 in Ice Magic
   666 | D:2      | Reached skill level 1 in Air Magic
   666 | D:2      | Reached skill level 1 in Earth Magic
   666 | D:2      | Reached skill level 1 in Alchemy
   873 | D:2      | Reached XP level 5. HP: 39/40 MP: 7/7
  1199 | D:4      | Noticed Sigmund
  1241 | D:4      | Killed Sigmund
  1242 | D:4      | Reached XP level 6. HP: 38/47 MP: 7/9
  1395 | D:4      | Killed from afar by an orc wizard

Illustrated notes

Levels and vault maps discovered:
D:1:      lemuel_arrival_broad_hall, layout_basic,
          shapermc_ecumenical_altar_hornbeckon, kennysheep_small_spiral
D:2:      layout_basic, minivault_14, minmay_joined_circles, uniq_natasha
D:3:      layout_basic
D:4:      nicolae_cairo_tiling, layout_cave_pools, uniq_sigmund

Skill      XL: |  1  2  3  4  5  6 |
---------------+-------------------+-----
Armour         | | 10.6
Invocations    | 1 2 |  2.4
Short Blades   | 1 2 |  2.2
Long Blades    | 1 2 |  2.2
Axes           | 1 2 |  2.2
Polearms       | 1 2 |  2.2
Staves         | 1 2 |  2.2
Ranged Weapons | 1 2 |  2.2
Throwing       | 1 2 |  2.2
Dodging        | 1 2 |  2.2
Stealth        | 1 2 |  2.2
Unarmed Combat | 1 2 |  2.2
Spellcasting   | 1 2 |  2.2
Evocations     | 1 2 |  2.2
Shapeshifting  | 1 2 |  2.0
Conjurations   | 1 |  1.7
Hexes          | 1 |  1.7
Summonings     | 1 |  1.7
Necromancy     | 1 |  1.7
Translocations | 1 |  1.7
Fire Magic     | 1 |  1.7
Ice Magic      | 1 |  1.7
Air Magic      | 1 |  1.7
Earth Magic    | 1 |  1.7
Alchemy        | 1 |  1.7
Fighting       | 3 |  3.4
Shields        | 3 |  3.4
Maces & Flails | |  6.9

Action                     |  1- 3 |  4- 6 || total
---------------------------+-------+-------++-------
  Melee: Mace              |    83 |   148 ||   231
         Bite              |    10 |    15 ||    25
    Use: Potion            |     1 |     4 ||     5
 Armour: Scale mail        |    80 |   106 ||   186
  Dodge: Dodged            |    30 |    49 ||    79
  Block: Buckler           |    14 |    20 ||    34

Table legend: (Time is in decaauts)
 A = Elapsed time spent in this place.
 B = Non-inter-level travel time spent in this place.
 C = Inter-level travel time spent in this place.
 D = Time resting spent in this place.
 E = Time spent auto-exploring this place.
 F = Levels seen in this place.
 G = Mean time per level.
                   A        B        C        D        E       F      G
               +--------+--------+--------+--------+--------+-----+--------+
         Total |   1429 |   1384 |     45 |     10 |    449 |   4 |  357.2 |
       Dungeon |   1429 |   1384 |     45 |     10 |    449 |   4 |  357.2 |
               +--------+--------+--------+--------+--------+-----+--------+

Top non-repeatable levels by time:
     D:2: 565 daAuts
     D:1: 450 daAuts
     D:4: 229 daAuts
     D:3: 185 daAuts
